 Dungeon Crawl Stone Soup version 0.17-a0-995-gb5fa8d7 (webtiles) character file.

10269 Fluffy the Commander (level 11, -2/89 HPs)
             Began as a Demonspawn Gladiator on May 12, 2015.
             Was a High Priest of Okawaru.
             Killed from afar by Psyche (8 damage)
             ... with a wand of draining
             ... on level 11 of the Dungeon.
             The game lasted 00:40:56 (12592 turns).

Fluffy the Commander (Demonspawn Gladiator)        Turns: 12592, Time: 00:40:58

Health: -2/89      AC: 12    Str: 18    XL:     11   Next: 34%
Magic:  19/19      EV:  8    Int:  9    God:    Okawaru [*****.]
Gold:   477        SH:  0    Dex: 15    Spells: 0 memorised, 10 levels left

rFire  . . .     SeeInvis +     c - +3 falchion (freeze)
rCold  + . .     Clarity  .     g - +0 plate armour
rNeg   . . .     SustAb   .     (no shield)
rPois  +         Gourm    .     (helmet unavailable)
rElec  .         Spirit   .     (no cloak)
rCorr  .         Warding  .     (no gloves)
rMut   .         Stasis   .     (no boots)
MR     .....                    (no amulet)
Stlth  ..........               t - ring of poison resistance
                                A - ring of protection from cold

@: heavily drained, not resistant to hostile enchantments, extremely unstealthy
A: antennae 3, repulsion field 2, demonic guardian 1, spiny 2
a: Heroism, Finesse, Renounce Religion


You were on level 11 of the Dungeon.
You worshipped Okawaru.
Okawaru was extremely pleased with you.
You were hungry.

You visited 1 branch of the dungeon, and saw 11 of its levels.
You also visited: Ossuary.

You collected 477 gold pieces.

Inventory:

Hand weapons
 c - a +3 falchion of freezing (weapon)
Missiles
 d - 4 throwing nets (quivered)
 o - 4 poisoned javelins
Armour
 g - a +0 plate armour (worn)
Jewellery
 k - an uncursed amulet of faith
 n - an uncursed ring of flight
 t - a ring of poison resistance (right hand)
 A - a ring of protection from cold (left hand)
Magical devices
 y - a wand of confusion (30)
Scrolls
 a - a scroll of recharging
 j - a scroll of magic mapping
 l - 2 scrolls of enchant armour
 m - 2 scrolls of blinking
 v - a scroll of teleportation
 w - 3 scrolls of fear
 x - a scroll of remove curse
Potions
 f - 2 potions of flight
 h - a potion of curing
 i - 2 potions of magic
 s - a potion of brilliance {unknown}
 u - a potion of cure mutation
Comestibles
 b - 4 beef jerkies
 e - 9 bread rations
 p - 3 slices of pizza
 q - 3 meat rations
 r - 15 fruits
 z - 5 royal jellies


   Skills:
 + Level 9.6(6.5) Fighting
 + Level 8.6(5.5) Long Blades
 - Level 1.7(0.0) Throwing
 + Level 8.4(5.4) Armour
 - Level 2.6(0.1) Dodging
 - Level 11.0(7.8) Invocations


You had 10 spell levels left.
You didn't know any spells.

Dungeon Overview and Level Annotations

Branches:
Dungeon (11/15)            Temple (0/1) D:5            Lair (0/8) D:10
    Orc: D:9-12

Altars:
Ashenzari
Cheibriados
Dithmenos
Makhleb
Nemelex Xobeh
Okawaru
Ru
Sif Muna
Trog
Vehumet
Xom
The Shining One

Annotations:
D:11 Psyche


Innate Abilities, Weirdness & Mutations

You have a pair of large antennae on your head (SInv).
You are surrounded by a moderate repulsion field (EV +3).
A weak demonic guardian rushes to your aid.
You are mostly covered in sharp spines.


Message History

You hit Psyche. You freeze Psyche.
Psyche is heavily wounded.
You are feeling hungry.
Psyche is struck by your spines. Psyche closely misses you.
You closely miss Psyche.
Psyche is severely wounded.
Psyche zaps a wand.
The bolt of negative energy hits you!
You feel drained.
* * * LOW HITPOINT WARNING * * *
You swap places.
Psyche hits your quasit with a dagger of chaos!
Your quasit closely misses Psyche. x2
Your quasit completely misses Psyche.
Psyche hits your quasit with a dagger of chaos.
Your quasit bites Psyche but does no damage.
Your quasit claws Psyche but does no damage.
Your quasit closely misses Psyche.
Psyche zaps a wand.
The bolt of negative energy hits your quasit.
Your quasit completely resists.
The bolt of negative energy hits you!
You feel drained.
You die...

#.# #.# ##. #.#
#.. #.# #.#
##########.# #.#
#..........# #.#
#[########## #.#
#)# #5# #)# #@#
#)# #########5#
#.# #.......@.#
#.######!#########
.........#
##########


You could see Psyche, a friendly quasit and a friendly ufetubus.

Vanquished Creatures
  The ghost of Xoff the Fighter, an experienced MiFi of the Shining One (D:7)
  3 hill giants
  2 polar bears (D:8)
  2 trolls
  A two-headed ogre (D:10)
  A trapdoor spider (D:9)
  A deep elf mage (D:10)
  A wyvern (D:10)
  Eustachio (D:4)
  A wraith (D:11)
  3 yaks (D:8)
  2 hungry ghosts (D:10)
  A hippogriff (D:7)
  8 wolves
  A black bear (D:9)
  2 orc warriors
  5 ice beasts (D:8)
  2 phantoms
  5 ogres
  2 centaurs
  6 giant frogs
  An elf zombie (Ossuary)
  3 big kobolds
  A gnoll sergeant (D:9)
  2 killer bees
  2 scorpions
  2 spriggan skeletons (D:9)
  8 wights
  A troll skeleton (D:9)
  6 electric eels
  2 crimson imps
  A giant frog zombie (D:11)
  A gnoll shaman (D:4)
  8 orc priests
  A water moccasin simulacrum (D:8)
  5 hounds
  6 orc wizards
  9 worker ants
  3 iguanas
  2 giant frog skeletons
  3 mummies (Ossuary)
  2 hound zombies
  7 gnolls
  A worker ant zombie (D:5)
  10 adders
  A killer bee simulacrum (D:8)
  3 shadow imps
  10 white imps (D:8)
  A worker ant simulacrum (D:8)
  6 ufetubi
  2 adder skeletons
  3 adder zombies
  3 worms
  7 giant geckos
  38 orcs
  A gnoll zombie (Ossuary)
  17 hobgoblins
  6 quokkas
  15 bats
  6 giant cockroaches
  6 giant newts
  8 goblins
  3 goblin zombies (Ossuary)
  8 jackals
  31 kobolds
  3 kobold zombies (Ossuary)
  An orc zombie (Ossuary)
  6 quokka zombies
  22 rats
  3 rat zombies (Ossuary)
  9 ballistomycetes (D:8)
357 creatures vanquished.

Vanquished Creatures (collateral kills)
  An ugly thing (D:10)
  A gargoyle (D:11)
  A hound (D:10)
  A centaur simulacrum (D:8)
  A hound zombie (D:6)
  A worm (D:7)
  2 jackals
  A kobold (D:8)
  A rat (D:7)
10 creatures vanquished.

Vanquished Creatures (others)
  3 crimson imps
  10 quasits
  9 iron imps
  8 white imps
  13 ufetubi
  An orc (D:6)
  A giant spore (D:8)
  A ballistomycete (D:8)
46 creatures vanquished.

Grand Total: 413 creatures vanquished

Notes
Turn   | Place    | Note
--------------------------------------------------------------
     0 | D:1      | Fluffy the Demonspawn Gladiator began the quest for the Orb.
     0 | D:1      | Reached XP level 1. HP: 16/16 MP: 1/1
   274 | D:1      | Gained mutation: You are surrounded by a mild repulsion field (EV +2). [demonic ancestry]
   274 | D:1      | Reached XP level 2. HP: 23/23 MP: 2/2
   277 | D:1      | Reached skill level 1 in Armour
   491 | D:1      | You fall through a shaft!
   742 | D:1      | Reached skill level 3 in Long Blades
   753 | D:1      | Gained mutation: You are partially covered in sharp spines. [demonic ancestry]
   753 | D:1      | Reached XP level 3. HP: 21/28 MP: 3/3
  1679 | D:2      | Found a deep blue altar of Sif Muna.
  1769 | D:3      | Gained mutation: A weak demonic guardian rushes to your aid. [demonic ancestry]
  1769 | D:3      | Reached XP level 4. HP: 35/35 MP: 4/4
  1850 | D:3      | Found an iron altar of Okawaru.
  1896 | D:3      | Gained mutation: You are surrounded by a moderate repulsion field (EV +3). [demonic ancestry]
  1896 | D:3      | Reached XP level 5. HP: 28/41 MP: 5/5
  2105 | D:3      | Became a worshipper of Warmaster Okawaru
  2275 | D:3      | Reached skill level 1 in Invocations
  2370 | D:4      | Noticed a phantom
  2381 | D:4      | Killed a phantom
  2381 | D:4      | Acquired Okawaru's first power
  2381 | D:4      | Reached skill level 4 in Fighting
  2381 | D:4      | Gained mutation: You are mostly covered in sharp spines. [demonic ancestry]
  2381 | D:4      | Reached XP level 6. HP: 22/48 MP: 7/7
  2714 | D:4      | Noticed Eustachio
  2733 | D:4      | Killed Eustachio
  2733 | D:4      | Reached XP level 7. HP: 50/55 MP: 9/9
  2784 | D:4      | Found a shadowy altar of Dithmenos.
  2793 | D:4      | Found a sparkling altar of Nemelex Xobeh.
  3316 | D:4      | Found a glowing golden altar of the Shining One.
  3419 | D:5      | Entered Level 5 of the Dungeon
  3450 | D:5      | Found a sand-covered staircase.
  3454 | Ossuary  | Entered an ossuary
  3599 | Ossuary  | Reached skill level 5 in Fighting
  4043 | D:5      | Reached skill level 5 in Invocations
  4099 | D:5      | Reached XP level 8. HP: 56/62 MP: 11/11
  4128 | D:5      | Got an ominously black robe
  4135 | D:5      | Found a staircase to the Ecumenical Temple.
  4397 | D:5      | Reached skill level 5 in Long Blades
  4444 | D:5      | Found a shattered altar of Ashenzari.
  4731 | D:5      | Was placed under penance by Okawaru
  4914 | D:6      | Found a shimmering altar of Xom.
  4936 | D:6      | HP: 3/63 [orc warrior/war axe (12)]
  4946 | D:6      | Reached skill level 6 in Invocations
  4957 | D:6      | HP: 3/64 [poisoned by an orc]
  5357 | D:6      | Was forgiven by Okawaru
  5358 | D:6      | Noticed a merfolk impaler
  5358 | D:6      | Noticed a merfolk
  5358 | D:6      | Noticed a merfolk
  5358 | D:6      | Noticed a merfolk
  5358 | D:6      | Noticed a merfolk
  5428 | D:6      | Got an encrusted hand crossbow
  5506 | D:7      | Noticed Xoff's ghost (experienced MiFi)
  5808 | D:7      | Reached skill level 5 in Armour
  5974 | D:7      | Noticed a moth of wrath
  5977 | D:7      | Found a bloodstained altar of Trog.
  6097 | D:7      | Identified the +3 hand crossbow of Extinguishment {elec, rElec Str-5 Int+6 Stlth+} (You found it on level 6 of the Dungeon)
  6109 | D:7      | Identified the cursed +0 robe "Fileaty" {MR+} (You found it on level 5 of the Dungeon)
  6216 | D:7      | Found a burning altar of Makhleb.
  6218 | D:7      | Found a radiant altar of Vehumet.
  6220 | D:7      | Found a sacrificial altar of Ru.
  6303 | D:7      | Killed Xoff's ghost
  6303 | D:7      | Reached skill level 7 in Invocations
  6303 | D:7      | Gained mutation: You have a pair of small antennae on your head. [demonic ancestry]
  6303 | D:7      | Reached XP level 9. HP: 36/71 MP: 14/14
  6791 | D:8      | Reached skill level 8 in Invocations
  7042 | D:8      | Found a snail-covered altar of Cheibriados.
  7513 | D:8      | Reached skill level 9 in Invocations
  7551 | D:8      | Gained mutation: You have a pair of antennae on your head. [demonic ancestry]
  7551 | D:8      | Reached XP level 10. HP: 69/80 MP: 16/16
  8160 | D:8      | HP: 3/80 [electric eel/bolt of electricity (6)]
  8311 | D:8      | Acquired Okawaru's second power
  8652 | D:9      | Found a runed door.
  8938 | D:9      | Reached skill level 10 in Invocations
  9152 | D:9      | Noticed a hill giant
  9164 | D:9      | Killed a hill giant
  9750 | D:10     | Entered Level 10 of the Dungeon
 10378 | D:10     | Received a gift from Okawaru
 10378 | D:10     | Gained mutation: You have a pair of large antennae on your head (SInv). [demonic ancestry]
 10378 | D:10     | Reached XP level 11. HP: 89/89 MP: 19/19
 10398 | D:10     | Noticed a cyan ugly thing
 10409 | D:10     | Killed a cyan ugly thing
 11106 | D:10     | Found a staircase to the Lair.
 11900 | D:10     | Noticed a hill giant
 11915 | D:10     | Killed a hill giant
 11915 | D:10     | Reached skill level 11 in Invocations
 11988 | D:11     | Noticed a hill giant
 12001 | D:11     | Killed a hill giant
 12361 | D:11     | Received a gift from Okawaru
 12371 | D:11     | Got a polished ring mail {god gift}
 12397 | D:11     | Identified the +2 ring mail of Siuxa {rElec Int+4} (Okawaru gifted it to you on level 11 of the Dungeon)
 12556 | D:11     | Noticed Psyche
 12592 | D:11     | Killed from afar by Psyche

Vault maps used:
D:1:      dpeg_arrival_concentric_ovals, minmay_stone_trees_small, st_stairs_4
D:2:      led_sif_pool
D:3:      okawaru_gym_becter
D:4:      overflow_temple_1_default, nicolae_tso_carved_into_rock,
          nicolae_overflow_hidden_temple, uniq_eustachio
D:5:      kennysheep_big_flooded_room, ashenzari_altar_1,
          minmay_temple_entry_hall, nicolae_ossuary_entry_plus, first_bread,
          hangedman_decor_clover_reticule
D:6:      kennysheep_little_box, basic_altar, minmay_misc_feat_pillars,
          uniq_sigmund
D:7:      tgw_trog, minitemple
D:8:      lemuel_round_altar, serial_ice, serial_ice_k, serial_ice_n,
          serial_ice_e, serial_ice_h, serial_ice_b, serial_ice_c, serial_ice_o,
          serial_ice_a, serial_ice_m, serial_ice_f
D:9:      hangedman_tell_no_tales
D:10:     erik_lair_island
D:11:     david_orc_5, uniq_erolcha, uniq_psyche, uniq_erica, uniq_urug
Ossuary:  ossuary_minmay_chase

Action                   |  1- 3 |  4- 6 |  7- 9 | 10-12 || total
-------------------------+-------+-------+-------+-------++-------
Melee: Long sword        |   117 |    81 |   270 |       ||   468
       Falchion          |       |       |    52 |   343 ||   395
Invok: Heroism           |       |       |     1 |       ||     1
 Abil: Stop Flying       |       |       |       |     1 ||     1
       Evoke Flight      |       |       |       |     1 ||     1
Evoke: Wand              |       |       |       |     3 ||     3
  Use: Scroll            |       |       |    18 |     4 ||    22
       Potion            |       |       |     4 |     1 ||     5
 Stab: Distracted        |       |       |     2 |     1 ||     3
       Fleeing           |       |       |       |     1 ||     1
       Confused          |       |       |       |     3 ||     3
  Eat: Chunk             |     3 |     3 |    15 |    12 ||    33
       Bread ration      |       |       |       |     1 ||     1
